 Dungeon Crawl Stone Soup version 0.25.1-2-g60ff931df9 (webtiles) character file.

Game seed: 11841298336512893882

4960 Ijustatesigmund the Covert (level 10, 0/65 HPs)
             Began as a Kobold Hunter on Sept 15, 2020.
             Slain by a warg (4 damage)
             ... on level 8 of the Dungeon on Sept 16, 2020.
             The game lasted 00:27:44 (11854 turns).

Ijustatesigmund the Covert (Kobold Hunter)         Turns: 11854, Time: 00:27:44

Health: 0/65       AC:  9    Str: 16    XL:     10   Next: 82%
Magic:  10/10      EV: 21    Int: 14    God:
Gold:   350        SH:  6    Dex: 17    Spells: 9/9 levels left

rFire    . . .     SeeInvis .   b - +1 short sword
rCold    . . .     Gourm    .   j - +1 buckler
rNeg     . . .     Faith    .   c - +2 leather armour {rPois}
rPois    +         Spirit   .   m - +1 helmet
rElec    .         Reflect  .   o - +0 cloak
rCorr    .         Harm     .   g - +0 pair of gloves
MR       .....                  (no boots)
Stlth    ++++......             w - amulet of regeneration
HPRegen  0.60/turn              k - +6 ring of strength
MPRegen  0.12/turn              t - ring of flight

@: very slightly contaminated
A: small, carnivore
a: Evoke Flight


You were on level 8 of the Dungeon.
You were very full.

You visited 2 branches of the dungeon, and saw 9 of its levels.

You collected 350 gold pieces.

Inventory:

Hand Weapons
 a - a +1 hand crossbow
 b - a +1 short sword (weapon)
Missiles
 d - 7 bolts
Armour
 c - a +2 leather armour of poison resistance (worn)
 g - a +0 pair of gloves (worn)
 j - a +1 buckler (worn)
 m - a +1 helmet (worn)
 o - a +0 cloak (worn)
Jewellery
 k - a +6 ring of strength (left hand)
 t - a ring of flight (right hand)
 w - an amulet of regeneration (around neck)
 x - an uncursed ring of ice
Wands
 e - a wand of flame (25)
 v - a wand of polymorph (3)
Scrolls
 i - a scroll of immolation
 p - 3 scrolls of remove curse
 u - 5 scrolls of identify
Potions
 h - 3 potions of stabbing
 l - a potion of flight
 n - a potion of cancellation
 q - 2 potions of magic
Comestibles
 f - 21 rations


   Skills:
 - Level 8.4 Fighting
 - Level 9.6 Short Blades
 - Level 4.8 Crossbows
 - Level 3.0 Armour
 + Level 9.4 Dodging
 + Level 9.7 Stealth
 - Level 1.1 Shields


You had 9 spell levels left.
You didn't know any spells.
Your spell library contained the following spells:

 Spells                   Type           Power        Failure   Level  Hunger
 Animate Skeleton         Necr           N/A          47%         1    ##.....
 Apportation              Tloc           #.....       47%         1    ##.....
 Corona                   Hex            #......      47%         1    ##.....
 Summon Small Mammal      Summ           #...         47%         1    ##.....


Dungeon Overview and Level Annotations

Branches:
Dungeon (8/15)             Temple (1/1) D:5
   Lair: D:8-11

Altars:
Ashenzari
Cheibriados
Dithmenos
Elyvilon
Fedhas
Gozag
Hepliaklqana
Kikubaaqudgha
Makhleb
Nemelex Xobeh
Okawaru
Qazlal
Ru
Sif Muna
Trog
Vehumet
Wu Jian
Xom
Zin
The Shining One

Shops:
D:4 =

Annotations:
D:4 exclusion: statue


Innate Abilities, Weirdness & Mutations

You are small and have problems with some larger weapons.
You are carnivorous and can eat meat at any time.


Message History

You hit the warg.
The warg is severely wounded.
The warg bites you!
* * * LOW HITPOINT WARNING * * *
You barely miss the warg.
The warg is severely wounded.
The warg completely misses you.
You hit the warg but do no damage.
The warg is severely wounded.
You hit the warg.
The warg is severely wounded.
The warg bites you!
* * * LOW HITPOINT WARNING * * *
You closely miss the warg.
The warg is severely wounded.
The warg closely misses you.
You hit the warg.
The warg is severely wounded.
The warg bites you.
You die...

#....≈≈≈.# #....≈≈≈!#
#....≈≈###+#
#....≈≈#...#############
#....≈≈#.oo#((..........
#....≈≈#####†≈†≈hh≈≈≈≈≈≈
#....≈≈≈≈≈≈≈≈≈≈≈≈≈≈≈≈≈≈≈
#....≈≈≈≈≈≈≈≈≈≈≈≈≈≈≈≈≈≈≈
#......@h(............([
#......P................
########################


You could see a warg and 2 orcs.

Vanquished Creatures
  6 yaks
  Edmund (D:6)
  2 water moccasins (D:6)
  8 wargs (D:8)
  3 ice beasts
  3 phantoms
  A sky beast (D:7)
  3 centaurs
  5 ogres
  Blork the orc (D:6)
  4 bullfrogs
  A water moccasin skeleton (D:5)
  2 scorpions
  A howler monkey (D:4)
  A quasit (D:6)
  A jelly (D:7)
  6 hounds
  7 orc wizards
  2 orc priests
  Crazy Yiuf (D:5)
  3 bullfrog skeletons
  6 worker ants
  A worker ant zombie (D:7)
  Robin (D:3)
  A howler monkey zombie (D:5)
  5 adders
  A howler monkey skeleton (D:5)
  A shadow imp (D:3)
  2 oozes
  An adder skeleton (D:6)
  2 adder zombies
  2 worms
  11 dart slugs
  5 leopard geckos
  34 orcs
  7 bats
  4 giant cockroaches
  17 goblins
  14 hobgoblins
  3 quokkas (D:2)
  4 frilled lizards
  5 kobolds
  A leopard gecko skeleton (D:4)
  11 rats
201 creatures vanquished.

Vanquished Creatures (others)
  2 plants (D:8)
2 creatures vanquished.

Grand Total: 203 creatures vanquished

Notes
Turn   | Place    | Note
-------+----------+-------------------------------------------
     0 | D:1      | Ijustatesigmund the Kobold Hunter began the quest for the
                  | Orb.
     0 | D:1      | Reached XP level 1. HP: 12/12 MP: 1/1
   164 | D:1      | Reached skill level 1 in Short Blades
   190 | D:1      | Reached XP level 2. HP: 18/18 MP: 2/2
   846 | D:1      | Reached XP level 3. HP: 22/22 MP: 3/3
  1154 | D:2      | Reached XP level 4. HP: 7/28 MP: 4/4
  1486 | D:2      | Found an iron altar of Okawaru.
  2567 | D:3      | Noticed Robin
  3037 | D:3      | Reached XP level 5. HP: 25/33 MP: 5/5
  3255 | D:3      | Killed Robin
  3510 | D:3      | Reached skill level 1 in Shields
  3811 | D:3      | Found a burning altar of Makhleb.
  4613 | D:4      | Reached XP level 6. HP: 39/39 MP: 6/6
  4660 | D:4      | Found a blossoming altar of Fedhas.
  4696 | D:4      | Found Qabolide's Jewellery Emporium.
  4748 | D:4      | Found a radiant altar of Vehumet.
  5124 | D:5      | Entered Level 5 of the Dungeon
  5205 | D:5      | Reached skill level 1 in Armour
  5659 | D:5      | Found a burning altar of Makhleb.
  5688 | D:5      | Reached skill level 5 in Short Blades
  5704 | D:5      | Reached skill level 5 in Fighting
  5734 | D:5      | Noticed an ogre
  5764 | D:5      | Killed an ogre
  5764 | D:5      | Reached XP level 7. HP: 24/44 MP: 7/7
  5961 | D:5      | Found a staircase to the Ecumenical Temple.
  6068 | Temple   | Entered the Ecumenical Temple
  6745 | D:5      | Found a runed translucent door.
  6746 | D:5      | Noticed Crazy Yiuf
  6764 | D:5      | Killed Crazy Yiuf
  7295 | D:5      | Reached XP level 8. HP: 46/51 MP: 8/8
  8093 | D:6      | Noticed Blork the orc
  8115 | D:6      | Killed Blork the orc
  8308 | D:6      | Found a glowing golden altar of the Shining One.
  8638 | D:6      | Reached XP level 9. HP: 57/57 MP: 9/9
  9005 | D:6      | Found a shadowy altar of Dithmenos.
  9033 | D:6      | Found a shattered altar of Ashenzari.
  9201 | D:6      | Noticed Edmund
  9326 | D:6      | Killed Edmund
  9622 | D:7      | Reached skill level 5 in Dodging
  9707 | D:7      | Noticed an angel
  9714 | D:7      | Found a shimmering altar of Xom.
  9715 | D:7      | Found a glowing silver altar of Zin.
 10565 | D:7      | Reached skill level 5 in Stealth
 10654 | D:8      | Reached XP level 10. HP: 57/65 MP: 10/10
 11522 | D:8      | Found a sparkling altar of Nemelex Xobeh.
 11523 | D:8      | Found an opulent altar of Gozag.
 11852 | D:8      | HP: 3/65 [warg (7)]
 11854 | D:8      | Slain by a warg

Illustrated notes

Levels and vault maps discovered:
D:1:      minmay_arrival_three_doors, layout_loops_cross
D:2:      layout_basic, okawaru_metal_pillars_1_2, minmay_distorted
D:3:      kennysheep_slugbush, layout_basic, makhleb_grotto_becter,
          first_ration, guppyfry_early_lair_pool, uniq_robin
D:4:      layout_cave_pods, fedhas_altar_3, vehumet_statue, serial_shops, shop
D:5:      layout_basic, minmay_temple_entry_offerings, serial_curves,
          eino_curves_04, eino_curves_01, eino_curves_03,
          makhleb_blood_cavern_becter, uniq_crazy_yiuf_cottage
D:6:      layout_loops_corners, minitemple, nicolae_tso_swordbearing_angel,
          uniq_edmund, uniq_blork_the_orc
D:7:      layout_loops_corners, grunt_temple_overflow_order_and_chaos_1
D:8:      lemuel_castle_with_subvaults [lemuel_castle_interior_carwin_1],
          layout_basic, grunt_temple_overflow_opulence, grunt_ogre_cave
Temple:   dpeg_three_leaves_temple

Skill      XL: |  1  2  3  4  5  6  7  8  9 10 |
---------------+-------------------------------+-----
Short Blades   | 1 2 3 4 5 6 8 9 |  9.6
Fighting       | 3 4 5 6 7 8 |  8.4
Shields        | 1 |  1.1
Stealth        | 2 5 9 |  9.7
Armour         | 1 2 3 |  3.0
Dodging        | 6 9 |  9.4
Crossbows      | |  4.8

Action                   |  1- 3 |  4- 6 |  7- 9 | 10-12 || total
-------------------------+-------+-------+-------+-------++-------
Melee: Short sword       |   115 |   365 |   649 |   352 ||  1481
 Fire: Hand crossbow     |    13 |    24 |    24 |     9 ||    70
Evoke: Wand              |       |       |     4 |     8 ||    12
  Use: Scroll            |     2 |    14 |     3 |     1 ||    20
       Potion            |     2 |     1 |       |     2 ||     5
 Stab: Sleeping          |     2 |     1 |     4 |     1 ||     8
  Eat: Chunk             |     9 |    15 |    16 |     4 ||    44
Armor: Leather armour    |    28 |    80 |   108 |    22 ||   238
       Skin              |     8 |       |       |       ||     8
       Ring mail         |       |     8 |       |       ||     8
Dodge: Dodged            |   110 |   263 |   250 |   192 ||   815
Block: Buckler           |       |    58 |   108 |    57 ||   223
